 Seeded DCSS version 0.30.1-4-g462c640d31 (webtiles) character file.

Game seed: 6351066067085065685 (custom seed)

8653 Esekla the Thaumaturge (level 11, 0/59 HPs)
             Began as a Deep Elf Necromancer on Aug 16, 2023.
             Was a High Priest of Vehumet.
             Constricted to death by Harold (3 damage)
             ... on level 9 of the Dungeon on Aug 17, 2023.
             The game lasted 01:03:53 (9168 turns).

Esekla the Thaumaturge (Deep Elf Necromancer)       Turns: 9168, Time: 01:03:53

Health: 0/59       AC:  6    Str:  5    XL:     11   Next: 12%
Magic:  31/37      EV: 11    Int: 25    God:    Vehumet [*****.]
Gold:   647        SH:  5    Dex: 15    Spells: 13/33 levels left

rFire   . . .        a - +5 scimitar
rCold   . . .        F - +0 buckler
rNeg    . . .        h - +0 robe
rPois   .            K - +1 helmet
rElec   .            I - +0 cloak
rCorr   .            k - +0 pair of gloves
SInv    .            (no boots)
Will    +....        A - amulet of magic regeneration
Stlth   +++          L - ring of magical power
HPRegen 0.29/turn    (no ring)
MPRegen 0.65/turn

%: no passive effects
@: brilliant, marked, grasped by roots, constricted, studying Fighting
A: wild magic 1
a: Renounce Religion


You were on level 9 of the Dungeon.
You worshipped Vehumet.
Vehumet was extremely pleased with you.
You visited 1 branch of the dungeon, and saw 9 of its levels.
You also visited: Bailey.

You collected 647 gold pieces.

Inventory:

Hand Weapons
 a - a +5 scimitar (weapon)
 r - a +4 trident of venom
 s - the +5 rapier of the Hero {heavy, rN+ Dex+3}
   (You found it on level 3 of the Dungeon)

   Dex:       It affects your dexterity (+3).
   rN:        It protects you from negative energy.
Missiles
 t - 33 poisoned darts
 D - 5 curare-tipped darts
 M - 3 boomerangs (quivered)
Armour
 h - a +0 robe (worn)
 k - a +0 pair of gloves (worn)
 F - a +0 buckler (worn)
 I - a +0 cloak (worn)
 K - a +1 helmet (worn)
Jewellery
 A - an amulet of magic regeneration (around neck)
 L - a ring of magical power (left hand)
Wands
 c - a wand of roots (3)
 C - a wand of flame (8)
 H - a wand of mindburst (4)
Scrolls
 e - 3 scrolls of fear
 i - 2 scrolls of acquirement
 m - 2 scrolls of amnesia {unknown}
 o - 2 scrolls of fog {unknown}
 p - 5 scrolls of blinking {unknown}
 v - a scroll of enchant armour
 w - 3 scrolls of enchant weapon {unknown}
 y - a scroll of silence
 z - a scroll of magic mapping
 B - 3 scrolls of noise {unknown}
 E - 2 scrolls of teleportation
 G - 2 scrolls of poison {unknown}
Potions
 b - a potion of magic
 d - 3 potions of ambrosia {unknown}
 f - a potion of lignification
 g - 4 potions of haste
 j - 7 potions of curing
 l - 6 potions of attraction {unknown}
 q - 2 potions of brilliance
 u - a potion of heal wounds
 x - a potion of cancellation {unknown}


   Skills:
 * Level 2.7 Fighting
 + Level 4.5(4.7) Short Blades
 + Level 1.5(3.1) Long Blades
 + Level 1.6 Throwing
 * Level 7.0 Dodging
 + Level 4.1 Stealth
 - Level 3.1 Shields
 * Level 11.7 Spellcasting
 * Level 2.7 Conjurations
 + Level 10.1 Necromancy
 + Level 5.0 Translocations
 * Level 3.0 Fire Magic
 * Level 3.7 Air Magic
 + Level 4.3 Poison Magic
 + Level 2.4 Evocations


You had 13 spell levels left.
You knew the following spells:

 Your Spells              Type           Power      Damage    Failure   Level
a - Necrotise             Necr           100%       1d9       1%          1
b - Foxfire               Conj/Fire      100%       2x1d9     1%          1
c - Shock                 Conj/Air       100%       1d9       1%          1
d - Vampiric Draining     Necr           91%        2d12      1%          3
f - Fireball              Conj/Fire      27%        3d12      21%         5
k - Airstrike             Air            30%        2d(5-21)  6%          4
t - Teleport Other        Tloc           67%        N/A       4%          3
v - Poisonous Vapours     Pois/Air       100%       N/A       1%          2

Your spell library contained the following spells:

 Spells                   Type           Power      Damage    Failure   Level
 Spellforged Servitor     Conj/Summ      20%        N/A       100%        7
 Lesser Beckoning         Tloc           100%       N/A       2%          2
 Animate Dead             Necr           91%        N/A       2%          4
 Gell's Gravitas          Tloc           67%        N/A       4%          3
 Agony                    Necr           91%        N/A       5%          5
 Spider Form              Tmut/Pois      49%        N/A       13%         3
 Cause Fear               Hex            14%        N/A       65%         4
 Summon Mana Viper        Hex/Summ       28%        N/A       93%         5


Dungeon Overview and Level Annotations

Branches:
Dungeon (9/15)             Temple (0/1) D:6          Bailey (visited)
   Lair: D:8-11         Orc: D:9-12

Altars:
Dithmenos
Fedhas
Hepliaklqana
Nemelex Xobeh
Okawaru
Qazlal
Trog
Uskayaw
Vehumet
Zin
The Shining One

Shops:
D:2 =   D:4 (

Annotations:
D:9 Harold


Innate Abilities, Weirdness & Mutations

Your spells are a little harder to cast, but a little more powerful.


Message History

Confirm with . or Enter, or press ? or * to list all spells.
Aiming: Vampiric Draining (safe; 1% risk of failure)
Press: ? - help, Shift-Dir - straight line, f/p - Harold
Aim: Harold, wielding a +0 battleaxe, wearing a +0 chain mail, quivering a throwing net and carrying a wand of roots (6) (lightly wounded, very poisoned)
You draw life force from Harold!
You feel life coursing into your body. Harold hits you with a +0 battleaxe!
Casting: Vampiric Draining (safe; 1% risk of failure)
Confirm with . or Enter, or press ? or * to list all spells.
Aiming: Vampiric Draining (safe; 1% risk of failure)
Press: ? - help, Shift-Dir - straight line, f/p - Harold
Aim: Harold, wielding a +0 battleaxe, wearing a +0 chain mail, quivering a throwing net and carrying a wand of roots (6) (moderately wounded, very poisoned)
You draw life force from Harold!
You feel life coursing into your body. Harold hits you with a +0 battleaxe!
* * * LOW HITPOINT WARNING * * *
You feel much better. Harold hits you with a +0 battleaxe!
You feel clever all of a sudden.
Harold zaps a wand.
The roots erupt in riotous growth!
The grasping roots grab you!
Harold is unaffected.
The grasping roots constrict you!
Casting: Vampiric Draining (safe; 1% risk of failure)
Confirm with . or Enter, or press ? or * to list all spells.
Aiming: Vampiric Draining (safe; 1% risk of failure)
Press: ? - help, Shift-Dir - straight line, f/p - Harold
Aim: Harold, wielding a +0 battleaxe, wearing a +0 chain mail, quivering a throwing net and carrying a wand of roots (5) (heavily wounded, very poisoned)
You feel a surge of power!
You draw life force from Harold!
You feel life coursing into your body. You block Harold's attack.
The grasping roots constrict you!
* * * LOW HITPOINT WARNING * * *
Casting: Vampiric Draining (safe; 1% risk of failure)
Confirm with . or Enter, or press ? or * to list all spells.
Aiming: Vampiric Draining (safe; 1% risk of failure)
Press: ? - help, Shift-Dir - straight line, f/p - Harold
Aim: Harold, wielding a +0 battleaxe, wearing a +0 chain mail, quivering a throwing net and carrying a wand of roots (5) (severely wounded, very poisoned)
You feel a surge of power!
You draw life force from Harold!
You feel life coursing into your body.
Harold thinks, and says "Perhaps I'll take up painting after I'm done here..."
Harold hits you with a +0 battleaxe!!
* * * LOW HITPOINT WARNING * * *
The grasping roots constrict you.
You die...

##.#..)....#........#
.#.#.......#........#
.'.'.......#........#
.#)#.......###......#
.#.#.........#...####
.#.######....#...#
##......######...#
.................#
'####...........@#
....#............@....#
....# .....######.....#
....# .... .....# '####
... .....# ...# .....#
.♣.# .....# _..# .....#
.♣.#


You could see Harold (very poisoned).

Vanquished Creatures
  2 two-headed ogres
  Pikel (D:6)
  2 orc knights (Bailey)
  2 cyclopes (D:9)
  Joseph (D:7)
  A kobold demonologist (D:9)
  2 steam dragons
  2 wyverns
  Menkaure (D:7)
  An ice beast (D:6)
  A sky beast (D:6)
  8 orc warriors
  2 black bears
  2 ogres
  A centaur (D:7)
  A phantom (D:7)
  Blork the orc (D:6)
  3 kobold brigands
  3 gnoll sergeants
  2 bullfrogs
  2 scorpions (D:5)
  10 wights
  5 killer bees (D:9)
  2 quasits
  2 gnoll boudas
  6 hounds
  A jelly (D:6)
  Crazy Yiuf (D:7)
  4 orc priests (D:8)
  A sleepcap (D:5)
  4 iguanas
  7 orc wizards
  27 gnolls
  9 adders
  3 shadow imps (D:8)
  6 white imps
  4 ufetubi
  A worm (D:4)
  3 dart slugs
  49 orcs
  6 ball pythons
  4 endoplasms
  9 goblins
  7 hobgoblins
  A quokka (D:1)
  4 bats
  4 frilled lizards
  14 kobolds
  A rat (D:2)
236 creatures vanquished.

Notes
Turn   | Place    | Note
-------+----------+-------------------------------------------
     0 | D:1      | Esekla the Deep Elf Necromancer began the quest for the
                  | Orb.
     0 | D:1      | Reached XP level 1. HP: 10/10 MP: 6/6
    54 | D:1      | Reached skill level 5 in Necromancy
   364 | D:4      | Found an iron altar of Okawaru.
   426 | D:4      | Found a glowing silver altar of Zin.
   444 | D:4      | Found a radiant altar of Vehumet.
   455 | D:4      | Found a glowing golden altar of the Shining One.
   470 | D:4      | Became a worshipper of Vehumet
   559 | D:3      | Reached XP level 2. HP: 10/15 MP: 8/8
   890 | D:3      | Identified the +5 rapier of the Hero {heavy, rN+ Dex+3}
   972 | D:2      | Found Renulab's Jewellery Shop.
  1085 | D:2      | Noticed a black bear
  1106 | D:1      | Reached XP level 3. HP: 19/19 MP: 9/9
  1158 | D:1      | Learned a level 3 spell: Vampiric Draining
  1362 | D:1      | Reached * piety under Vehumet
  1362 | D:1      | Offered knowledge of Foxfire by Vehumet.
  1381 | D:1      | Learned a level 1 spell: Foxfire
  1577 | D:2      | Killed a black bear
  1578 | D:2      | Reached skill level 1 in Short Blades
  1578 | D:2      | Reached XP level 4. HP: 24/24 MP: 0/11
  1578 | D:2      | Reached XP level 5. HP: 28/28 MP: 0/12
  1872 | D:2      | Found a faded altar of an unknown god.
  2046 | D:3      | Reached skill level 4 in Spellcasting
  2320 | D:3      | Found a stormy altar of Qazlal.
  2323 | D:3      | Found a hazy altar of Hepliaklqana.
  2323 | D:3      | Found a bloodstained altar of Trog.
  2335 | D:3      | Learned a level 3 spell: Teleport Other
  2599 | D:4      | Found Ponaysk's Antique Weapon Boutique.
  2784 | D:4      | Reached XP level 6. HP: 24/32 MP: 14/14
  2913 | D:4      | Reached skill level 5 in Spellcasting
  3099 | D:4      | Reached skill level 1 in Translocations
  3272 | D:5      | Entered Level 5 of the Dungeon
  3280 | D:5      | Got the Parchment of the Lumpy Olives
  3289 | D:5      | Found a shadowy altar of Dithmenos.
  3510 | D:5      | Reached ** piety under Vehumet
  3510 | D:5      | Offered knowledge of Shock by Vehumet.
  3519 | D:5      | Learned a level 1 spell: Shock
  3555 | D:5      | Reached XP level 7. HP: 25/36 MP: 13/17
  3912 | D:5      | Reached skill level 6 in Spellcasting
  4299 | D:6      | Noticed Blork the orc
  4312 | D:6      | Killed Blork the orc
  4313 | D:6      | Reached XP level 8. HP: 39/41 MP: 13/20
  4367 | D:6      | Found a staircase to the Ecumenical Temple.
  4413 | D:6      | Noticed Pikel
  4426 | D:6      | Killed Pikel
  4427 | D:6      | Reached skill level 5 in Dodging
  4427 | D:6      | Reached skill level 7 in Spellcasting
  4501 | D:6      | Reached skill level 8 in Spellcasting
  4815 | D:6      | Reached skill level 1 in Throwing
  4830 | D:6      | Offered knowledge of Poisonous Vapours by Vehumet.
  4843 | D:6      | Learned a level 2 spell: Poisonous Vapours
  4900 | D:6      | Found a blossoming altar of Fedhas.
  5253 | D:7      | Reached XP level 9. HP: 44/45 MP: 23/23
  5340 | D:7      | Noticed Menkaure
  5347 | D:7      | Killed Menkaure
  5440 | D:7      | Reached *** piety under Vehumet
  5441 | D:7      | Reached skill level 1 in Air Magic
  5441 | D:7      | Reached skill level 1 in Poison Magic
  5468 | D:7      | Found a runed translucent door.
  5469 | D:7      | Noticed Crazy Yiuf
  5474 | D:7      | Killed Crazy Yiuf
  5565 | D:7      | Reached skill level 9 in Spellcasting
  5760 | D:7      | Reached skill level 1 in Evocations
  5763 | D:7      | Gained mutation: Your spells are a little harder to cast,
                  | but a little more powerful. [potion of mutation]
  6134 | D:7      | Noticed Joseph
  6160 | D:7      | Killed Joseph
  6161 | D:7      | Reached skill level 1 in Shields
  6351 | D:8      | Offered knowledge of Airstrike by Vehumet.
  6361 | D:7      | Learned a level 4 spell: Airstrike
  6447 | D:8      | Reached skill level 5 in Translocations
  6511 | D:8      | Reached **** piety under Vehumet
  6576 | D:8      | Offered knowledge of Fireball by Vehumet.
  6589 | D:7      | Reached skill level 10 in Spellcasting
  6596 | D:7      | Learned a level 5 spell: Fireball
  6938 | D:8      | Found a hide-covered altar of Uskayaw.
  6947 | D:8      | Noticed a two-headed ogre
  6977 | D:8      | Killed a two-headed ogre
  6978 | D:8      | Reached skill level 1 in Long Blades
  6978 | D:8      | Reached skill level 1 in Conjurations
  6978 | D:8      | Reached XP level 10. HP: 50/50 MP: 24/26
  7166 | D:8      | Reached skill level 1 in Fire Magic
  7309 | D:8      | Found a transporter.
  7309 | D:8      | Found a transporter.
  7310 | D:8      | Found a transporter.
  7338 | D:8      | Found a transporter.
  7663 | D:9      | Found a flagged portal.
  7704 | Bailey   | Entered a bailey
  7900 | Bailey   | Identified the +2 bardiche of Puhoisos {heavy, rElec
                  | Stlth+}
  8103 | Bailey   | Noticed an orc knight
  8103 | Bailey   | Noticed an orc knight
  8140 | Bailey   | Killed an orc knight
  8176 | Bailey   | Reached ***** piety under Vehumet
  8199 | Bailey   | Killed an orc knight
  8199 | Bailey   | Offered knowledge of Spellforged Servitor by Vehumet.
  8200 | Bailey   | Reached skill level 11 in Spellcasting
  8463 | D:9      | Reached skill level 1 in Fighting
  8523 | D:9      | Noticed a rust devil
  8686 | D:9      | Noticed a cyclops
  8702 | D:9      | Killed a cyclops
  8703 | D:9      | Reached skill level 10 in Necromancy
  8847 | D:9      | Noticed a cyclops
  8858 | D:9      | Killed a cyclops
  8859 | D:9      | Reached XP level 11. HP: 44/58 MP: 28/28
  9011 | D:9      | Found a sparkling altar of Nemelex Xobeh.
  9064 | D:9      | Noticed a two-headed ogre
  9071 | D:9      | Killed a two-headed ogre
  9155 | D:9      | Noticed Harold
  9168 | D:9      | Constricted to death by Harold

Illustrated notes

Levels and vault maps discovered:
D:1:      sevenhm_arrival_forest_fort_small_3, layout_rooms,
          chequers_serial_rivers_room_b, minmay_misc_feat_five
D:2:      layout_loops_ring, dreamdust_ecumenical_altar_angels_and_demons,
          serial_shops, shop
D:3:      layout_basic, grunt_temple_overflow_open, minmay_misc_feat_iff
D:4:      layout_basic, nicolae_overflow_quartered_altars, serial_shops,
          nicolae_diamond_shop
D:5:      layout_loops_ring, lemuel_doored_altar, minmay_misc_feat_rows,
          dreamdust_wishing_well
D:6:      layout_loops_cross, fedhas_altar_fruit_tree,
          minmay_temple_entry_glass, uniq_pikel, uniq_blork_the_orc
D:7:      layout_basic, uniq_menkaure, uniq_joseph, uniq_crazy_yiuf_cottage
D:8:      layout_basic, nicolae_uskayaw_dance_hall, serial_demonic,
          serial_demonic_d, serial_demonic_a, serial_demonic_c,
          serial_demonic_c, nicolae_diode_quadrants
D:9:      layout_irregular_city, kennysheep_little_box, enter_bailey_4,
          minmay_between, uniq_harold

Skill      XL: |  1  2  3  4  5  6  7  8  9 10 11 |
---------------+----------------------------------+-----
Necromancy     | 5 6 7 8 9 10 | 10.1
Dodging        | 3 4 5 6 7 |  7.0
Short Blades   | 1 2 3 4 |  4.5
Stealth        | 3 4 |  4.1
Spellcasting   | 4 5 6 8 10 11 | 11.7
Translocations | 1 2 4 5 |  5.0
Throwing       | 1 |  1.6
Air Magic      | 2 3 |  3.7
Poison Magic   | 3 4 |  4.3
Evocations     | 2 |  2.4
Shields        | 1 3 |  3.1
Long Blades    | 1 |  1.5
Conjurations   | 1 2 |  2.7
Fire Magic     | 2 3 |  3.0
Fighting       | 2 |  2.7

Action                     |  1- 3 |  4- 6 |  7- 9 | 10-12 || total
---------------------------+-------+-------+-------+-------++-------
  Melee: Short sword       |    43 |       |       |       ||    43
         Unarmed           |     6 |       |       |       ||     6
         Rapier            |    47 |    75 |   101 |     6 ||   229
         Punch             |       |     1 |     5 |       ||     6
         Scimitar          |       |       |    65 |    48 ||   113
  Throw: Dart              |       |     5 |    27 |     6 ||    38
         Boomerang         |       |       |       |     2 ||     2
   Cast: Vampiric Draining |     5 |    22 |    53 |    70 ||   150
         Poisonous Vapours |       |       |    44 |    33 ||    77
         Airstrike         |       |       |     6 |     3 ||     9
         Teleport Other    |       |       |     3 |       ||     3
  Evoke: Wand              |       |       |    11 |    20 ||    31
    Use: Potion            |       |     1 |     2 |     2 ||     5
         Scroll            |       |       |     1 |    11 ||    12
   Stab: Sleeping          |     4 |     4 |     7 |     2 ||    17
 Armour: Robe              |    24 |    11 |    71 |    28 ||   134
         Skin              |       |       |     3 |       ||     3
  Dodge: Dodged            |   102 |    74 |   267 |   101 ||   544
  Block: Buckler           |       |       |     1 |    24 ||    25
